 Dungeon Crawl Stone Soup version 0.30.1-9-gdf580d7c3d (webtiles) character file.

Game seed: 11235379427455628133

32 lonewolfV2 the Trooper (level 3, -1/29 HPs)
             Began as a Demonspawn Berserker on Oct 25, 2023.
             Was a Follower of Trog.
             Slain by an adder (3 damage)
             ... on level 2 of the Dungeon.
             The game lasted 00:01:48 (1690 turns).

lonewolfV2 the Trooper (Demonspawn Berserker)       Turns: 1690, Time: 00:01:49

Health: -1/29      AC:  0    Str: 19    XL:     3   Next: 8%
Magic:  0/3        EV: 10    Int:  8    God:    Trog [*.....]
Gold:   27         SH:  7    Dex: 12    Spells: 2/2 levels left

rFire   . . .        a - +0 hand axe
rCold   . . .        g - +1 kite shield
rNeg    . . .        (no body armour)
rPois   .            (no helmet)
rElec   .            (no cloak)
rCorr   .            (no gloves)
SInv    .            (no boots)
Will    .....        m - amulet of guardian spirit
Stlth   +            (no ring)
HPRegen 0.24/turn    (no ring)
MPRegen 0.08/turn

%: guardian spirit
@: lethally poisoned (-1 -> -8)
A: powered by pain 1, demonic touch 1
a: Renounce Religion, Berserk


You were on level 2 of the Dungeon.
You worshipped Trog.
Trog was aware of your devotion.
You visited 1 branch of the dungeon, and saw 2 of its levels.

You collected 27 gold pieces.

Inventory:

Hand Weapons
 a - a +0 hand axe (weapon)
Armour
 b - a +0 animal skin
 c - a +0 ring mail
 g - a +1 kite shield (worn)
Jewellery
 m - an amulet of guardian spirit (around neck)
Scrolls
 d - a scroll of fear {unknown}
Potions
 e - a potion of might {unknown}
 h - a potion of curing {unknown}
 i - a potion of berserk rage {unknown}
 k - a potion of magic {unknown}


   Skills:
 + Level 3.2 Fighting
 - Level 2.6 Axes
 * Level 2.4 Armour
 * Level 2.4 Dodging


You had 2 spell levels left.
You didn't know any spells.
Your spell library was empty.

Dungeon Overview and Level Annotations

Branches:
Dungeon (2/15)

Altars:


Innate Abilities, Weirdness & Mutations

You sometimes gain a little power by taking damage.
Your touch may inflict minor irresistible damage on your foes.


Message History

Found a scroll labelled REUSAM KUF.
An adder is nearby!
An adder is nearby!
An adder is nearby!
Found 5 gold pieces.
Found 7 gold pieces.
The adder hisses angrily.
The adder bites you. The adder completely misses you. The adder bites you.
You are poisoned.
The adder poisons you!
You barely miss the adder.
You feel very sick. The adder closely misses you. You block the adder's attack.
You completely miss the adder.
You feel sick. The adder closely misses you.
You slash the adder!
The adder is severely wounded.
You feel sick. The adder bites you.
You are more poisoned.
The adder poisons you! The adder bites you.
You barely miss the adder.
The adder is severely wounded.
You feel very sick. You block the adder's attack.
You completely miss the adder.
The adder is severely wounded.
You feel sick. The adder closely misses you. The adder bites you.
You are lethally poisoned!
The adder poisons you!
You barely miss the adder.
The adder is severely wounded.
* * * LOW HITPOINT WARNING * * *
You feel very sick. You block the adder's attack. The adder bites you.
* * * LOW HITPOINT WARNING * * *
You completely miss the adder.
The adder is severely wounded.
* * * LOW HITPOINT WARNING * * *
You feel sick. The adder bites you.
You die...

.......##
##.......####
#.........$.
#.........#
#......?..#
#.$.....##..
#..........
#.@S# ##.##
#.##.#
##....#
##.###.# ##
#.#....# .#
##.###.# .#
#.# .# #.#


You could see an adder.

Vanquished Creatures
  3 dart slugs
  A bat (D:1)
  2 endoplasms (D:1)
  A giant cockroach (D:1)
  2 hobgoblins (D:1)
  4 jackals (D:2)
  4 kobolds (D:1)
  2 quokkas (D:1)
  A ball python (D:1)
  A frilled lizard (D:1)
  2 rats (D:1)
23 creatures vanquished.

Notes
Turn   | Place    | Note
-------+----------+-------------------------------------------
     0 | D:1      | lonewolfV2 the Demonspawn Berserker began the quest for the
                  | Orb.
     0 | D:1      | Reached XP level 1. HP: 18/18 MP: 1/1
   215 | D:1      | Gained mutation: You sometimes gain a little power by
                  | taking damage. [demonic ancestry]
   215 | D:1      | Reached XP level 2. HP: 24/24 MP: 2/2
  1210 | D:2      | Gained mutation: Your touch may inflict minor irresistible
                  | damage on your foes. [demonic ancestry]
  1210 | D:2      | Reached XP level 3. HP: 11/29 MP: 3/3
  1690 | D:2      | Slain by an adder

Illustrated notes

Levels and vault maps discovered:
D:1:      giann_bridges, layout_basic, ebering_dispersal_statue_hall,
          minmay_box_of_dots
D:2:      layout_loops_ring, uniq_terence

Skill      XL: |  1 |
---------------+----+-----
Armour         | 2 |  2.4
Dodging        | 2 |  2.4
Fighting       | |  3.2
Axes           | |  2.6

Action                     || total
---------------------------++-------
  Melee: Hand axe          ||    75
    Use: Scroll            ||     6
 Armour: Animal skin       ||    12
  Dodge: Dodged            ||    55
  Block: Kite shield       ||    18
